 Dungeon Crawl Stone Soup version 0.31-a0-746-ge8284cb111 (webtiles) character file.

Game seed: 11528828246345254567

12755 Ijustatesigmund the Thaumaturge (level 11, 0/65 (67) HPs)
             Began as a Deep Elf Fire Elementalist on Sept 14, 2023.
             Was a Believer of Vehumet.
             Slain by a ghost crab (7 damage)
             ... on level 10 of the Dungeon.
             The game lasted 00:32:13 (13919 turns).

Ijustatesigmund the Thaumaturge (DEFE)             Turns: 13919, Time: 00:32:15

HP:   0/65 (67)     AC:  5    Str:  5    XL:     11   Next: 66%
MP:   29/38         EV: 20    Int: 25    God:    Vehumet [**....]
Gold: 510           SH:  0    Dex: 15    Spells: 20/35 levels left

rFire   + + .        G - staff of fire
rCold   + . .        (no shield)
rNeg    . . .        a - +1 robe
rPois   .            h - +1 helmet
rElec   .            q - scarf {rC+ rF+}
rCorr   .            (no gloves)
SInv    .            (no boots)
Will    +....        (no amulet)
Stlth   ++           l - +5 ring of evasion
HPRegen 0.30/turn    m - ring of magical power
MPRegen 0.26/turn

%: no passive effects
@: about to teleport, lightly drained
A: no striking features
a: Renounce Religion


You were on level 10 of the Dungeon.
You worshipped Vehumet.
Vehumet was pleased with you.
You visited 2 branches of the dungeon, and saw 11 of its levels.

You collected 510 gold pieces.

Inventory:

Hand Weapons
 e - a +5 heavy dagger
 v - the +1 sling of Bipun {flame, rC- Str+2 Int+6}
   (You found it on level 5 of the Dungeon)

   Str+2:     It affects your strength (+2).
   Int+6:     It affects your intelligence (+6).
   rC-:       It makes you vulnerable to cold.
Missiles
 A - a throwing net
Armour
 a - a +1 robe (worn)
 h - a +1 helmet (worn)
 q - a scarf of resistance (worn)
Magical Staves
 G - a staff of fire (weapon)
Jewellery
 l - a +5 ring of evasion (left hand)
 m - a ring of magical power (right hand)
Wands
 u - a wand of polymorph (13)
 B - a wand of flame (24)
 C - a wand of paralysis (9)
Scrolls
 b - a scroll of fog
 d - 5 scrolls of enchant armour
 j - 2 scrolls of immolation
 k - 3 scrolls of teleportation
 t - 3 scrolls of fear
 y - a scroll of enchant weapon
Potions
 c - 4 potions of berserk rage
 f - a potion of heal wounds
 g - a potion of curing
 n - 4 potions of lignification
 o - a potion of haste
 p - a potion of invisibility
 r - a potion of attraction
 s - 4 potions of brilliance
 w - 2 potions of mutation
 x - a potion of cancellation
 z - a potion of ambrosia
 D - 2 potions of degeneration {unknown}


   Skills:
 - Level 7.0 Fighting
 - Level 4.3 Short Blades
 - Level 7.0 Dodging
 - Level 2.4 Stealth
 + Level 12.7 Spellcasting
 + Level 10.5 Conjurations
 + Level 10.9 Fire Magic
 - Level 3.6 Earth Magic
 - Level 4.0 Evocations


You had 20 spell levels left.
You knew the following spells:

 Your Spells              Type           Power      Damage    Failure   Level
a - Foxfire               Conj/Fire      100%       2x1d9     1%          1
b - Scorch                Fire           100%       2d9       1%          2
c - Flame Wave            Conj/Fire      81%        2d18      1%          4
d - Fireball              Conj/Fire      40%        3d16      1%          5
e - Stone Arrow           Conj/Erth      100%       3d13      1%          3

Your spell library contained the following spells:

 Spells                   Type           Power      Damage    Failure   Level
 Kiss of Death            Conj/Necr      100%       2d13      1%          1
 Sandblast                Erth           68%        2d15      1%          1
 Inner Flame              Hex/Fire       60%        N/A       1%          3
 Volatile Blastmotes      Fire/Tloc      100%       2d18      1%          3
 Passwall                 Tmut/Erth      20%        N/A       2%          2
 Ignite Poison            Fire/Tmut/Pois 51%        N/A       2%          3
 Cigotuvi's Dreadful Rot  Necr/Pois/Air  30%        N/A       5%          2
 Ensorcelled Hibernation  Hex/Ice        30%        N/A       5%          2
 Jinxbite                 Hex            30%        N/A       5%          2
 Tukima's Dance           Hex            15%        N/A       11%         3
 Freezing Cloud           Conj/Ice/Air   16%        6-21      24%         5
 Anguish                  Hex/Necr       7%         N/A       36%         4
 Cause Fear               Hex            7%         N/A       36%         4
 Passage of Golubria      Tloc           15%        N/A       36%         4
 Yara's Violent Unravell  Hex/Tmut       7%         3d5       71%         5
 Dragon's Call            Summ           7%         N/A       100%        9


Dungeon Overview and Level Annotations

Branches:
Dungeon (10/15)            Temple (1/1) D:5            Lair (0/5) D:8
    Orc (0/2) D:9

Altars:
Ashenzari
Cheibriados
Dithmenos
Elyvilon
Fedhas
Gozag
Hepliaklqana
Kikubaaqudgha
Makhleb
Nemelex Xobeh
Okawaru
Qazlal
Ru
Sif Muna
Trog
Uskayaw
Vehumet
Wu Jian
Xom
Yredelemnul
Zin
The Shining One


Message History

The spectral centaur warrior kicks you but does no damage.
A wave of flame ripples out!
The flame wave engulfs the ghost crab!
The ghost crab is moderately damaged.
The flame wave engulfs the spectral centaur warrior!
The spectral centaur warrior is severely damaged.
The flame wave engulfs the spectral centaur warrior!!
The spectral centaur warrior is severely damaged.
You are engulfed in spectral mist.
* * * LOW HITPOINT WARNING * * *
The spectral centaur warrior barely misses you.
The spectral centaur warrior closely misses you.
The ghost crab breathes spectral mist at you.
The spectral mist engulfs you but does no damage.
A wave of flame ripples out!
The flame wave engulfs the ghost crab!!
The ghost crab is severely damaged.
The flame wave engulfs the spectral centaur warrior!!
You destroy the spectral centaur warrior!
The spectral centaur warrior fades away!
The flame wave engulfs the spectral centaur warrior!
The spectral centaur warrior is heavily damaged.
The flame wave engulfs the spectral centaur warrior!
The spectral centaur warrior is almost destroyed.
You finish channelling waves of flame.
The ghost crab breathes spectral mist at you.
The spectral mist engulfs you but does no damage.
The spectral centaur warrior misses you.
The spectral centaur warrior closely misses you.
You feel much better.
You are engulfed in spectral mist.
The spectral centaur warrior hits you but does no damage.
The spectral centaur warrior barely misses you.
The ghost crab bites you but does no damage.
The ghost crab barely misses you.
As you read the scroll of teleportation, it crumbles to dust.
You feel strangely unstable.
You are engulfed in spectral mist.
* * * LOW HITPOINT WARNING * * *
The spectral centaur warrior barely misses you. x2
The ghost crab bites you!
* * * LOW HITPOINT WARNING * * *
The ghost crab claws you!
You die...

### # #.### #######.##.
##.......#.# #.........##
###########.........##
#.........†..........#
#.#########..........#
#.#Zt@Z°..#...........
#.#B#####.#.>........#
#÷#°*,,,#÷#.....)...##
###.#☼*,*,#.#...##....##
##.#.#t*,*,#.#..#####....
##..#.#.*,*,#.#..## #....
#...#.#÷*,*,#.#...####....
#...#.#B*,*,#÷#........#..
#...#.#,***,#.#......####.


You could see an entropy weaver, a ghost crab and 2 spectral centaur warriors.

Vanquished Creatures
  An entropy weaver (D:10)
  4 fire crabs (D:10)
  The ghost of Kiciri the Summoner, a novice BaMo of Makhleb (D:8)
  A wizard (D:10)
  Jeremiah (D:7)
  Psyche (D:8)
  A komodo dragon (D:8)
  2 trolls (D:10)
  A hornet (D:9)
  Prince Ribbit (D:5)
  13 yaks
  Grum (D:8)
  A steam dragon (D:6)
  A water moccasin (D:5)
  Duvessa (D:4)
  A black bear (D:4)
  4 orc warriors
  2 ice beasts
  2 sky beasts
  2 wolves (D:8)
  3 centaurs
  8 kobold brigands
  A phantom (D:5)
  Blork the orc (D:5)
  A gnoll sergeant (D:6)
  4 bullfrogs
  2 scorpions (D:6)
  Dowan (D:4)
  12 killer bees
  3 howler monkeys (D:8)
  3 hounds
  2 gnoll boudas (D:8)
  2 orc priests
  2 sleepcaps
  Terence (D:2)
  5 iguanas
  8 orc wizards
  7 gnolls
  9 adders
  2 ufetubi
  2 worms
  5 dart slugs
  35 orcs
  4 ball pythons
  2 endoplasms
  A giant cockroach (D:3)
  7 goblins
  6 hobgoblins
  5 jackals
  2 quokkas
  5 bats
  3 frilled lizards (D:2)
  12 kobolds
  A rat (D:2)
209 creatures vanquished.

Vanquished Creatures (others)
  A kobold brigand (D:8)
  224 foxfires
225 creatures vanquished.

Grand Total: 434 creatures vanquished

Notes
Turn   | Place    | Note
-------+----------+-------------------------------------------
     0 | D:1      | Ijustatesigmund the Deep Elf Fire Elementalist began the
                  | quest for the Orb.
     0 | D:1      | Reached XP level 1. HP: 10/10 MP: 6/6
   809 | D:1      | Reached XP level 2. HP: 16/16 MP: 4/8
   812 | D:1      | Learned a level 2 spell: Scorch
  1114 | D:2      | Noticed Terence
  1126 | D:2      | Killed Terence
  1127 | D:2      | Reached skill level 1 in Fighting
  1127 | D:2      | Reached XP level 3. HP: 18/20 MP: 3/10
  1340 | D:2      | Reached skill level 1 in Evocations
  1577 | D:2      | Reached XP level 4. HP: 25/25 MP: 7/11
  1589 | D:2      | Learned a level 4 spell: Flame Wave
  1645 | D:2      | Reached skill level 4 in Spellcasting
  2157 | D:3      | Reached skill level 1 in Short Blades
  2349 | D:3      | Noticed an ice beast
  2354 | D:3      | HP: 1/25 [ice beast (8)]
  2356 | D:3      | Killed an ice beast
  2357 | D:3      | Reached XP level 5. HP: 2/30 MP: 4/13
  3133 | D:4      | Noticed Duvessa
  3161 | D:4      | Killed Duvessa
  3162 | D:4      | Reached XP level 6. HP: 17/35 MP: 6/15
  3227 | D:4      | Noticed Dowan
  3229 | D:4      | Killed Dowan
  3246 | D:4      | Reached skill level 5 in Fighting
  3246 | D:4      | Reached skill level 8 in Spellcasting
  3246 | D:4      | Reached XP level 7. HP: 44/44 MP: 16/21
  3247 | D:4      | Reached skill level 10 in Spellcasting
  3247 | D:4      | Reached XP level 8. HP: 51/51 MP: 17/24
  3322 | D:4      | Learned a level 5 spell: Fireball
  4509 | D:5      | Entered Level 5 of the Dungeon
  4589 | D:5      | Noticed Blork the orc
  4591 | D:5      | Killed Blork the orc
  5236 | D:5      | Noticed Prince Ribbit
  5241 | D:5      | Killed Prince Ribbit
  5242 | D:5      | Reached XP level 9. HP: 35/55 MP: 24/25
  5458 | D:5      | Found a staircase to the Ecumenical Temple.
  5475 | Temple   | Entered the Ecumenical Temple
  5498 | Temple   | Became a worshipper of Vehumet
  5790 | D:5      | Identified the +1 sling of Bipun {flame, rC- Str+2 Int+6}
  6372 | D:6      | Learned a level 3 spell: Stone Arrow
  7321 | D:7      | Found a shadowy altar of Dithmenos.
  7354 | D:7      | Reached skill level 1 in Earth Magic
  7361 | D:7      | Reached * piety under Vehumet
  7361 | D:7      | Offered knowledge of Shock by Vehumet.
  7646 | D:7      | Noticed Jeremiah
  7661 | D:7      | Killed Jeremiah
  7941 | D:8      | Noticed Psyche
  7946 | D:8      | Killed Psyche
  7947 | D:8      | Reached XP level 10. HP: 55/60 MP: 16/26
  8037 | D:8      | Reached skill level 11 in Spellcasting
  8640 | D:8      | Noticed Grum
  8649 | D:8      | Killed Grum
  9032 | D:8      | Found a staircase to the Lair.
  9543 | D:8      | Found a runed translucent gate.
  9544 | D:8      | Found a runed translucent gate.
  9545 | D:8      | Found a runed translucent gate.
  9547 | D:8      | Noticed Kiciri's ghost (novice BaMo)
  9672 | D:8      | Killed Kiciri's ghost
 10555 | D:9      | Offered knowledge of Kiss of Death by Vehumet.
 10563 | D:9      | Reached ** piety under Vehumet
 10566 | D:9      | Found a staircase to the Orcish Mines.
 10894 | D:9      | Reached skill level 10 in Fire Magic
 11424 | D:10     | Entered Level 10 of the Dungeon
 11491 | D:10     | Noticed a wizard
 11498 | D:10     | Killed a wizard
 11499 | D:10     | Reached XP level 11. HP: 66/66 MP: 28/28
 11528 | D:10     | Found a runed translucent door.
 12373 | D:10     | Reached skill level 12 in Spellcasting
 12388 | D:10     | Reached skill level 10 in Conjurations
 13069 | D:10     | Noticed a fire crab
 13141 | D:10     | Killed a fire crab
 13244 | D:10     | Noticed a fire crab
 13252 | D:10     | Killed a fire crab
 13494 | D:10     | Noticed an entropy weaver
 13498 | D:10     | Killed an entropy weaver
 13658 | D:10     | Noticed a fire crab
 13662 | D:10     | Killed a fire crab
 13699 | D:10     | Noticed a fire crab
 13722 | D:10     | Killed a fire crab
 13910 | D:10     | Noticed a ghost crab
 13911 | D:10     | Noticed an entropy weaver
 13919 | D:10     | Slain by a ghost crab

Illustrated notes

Levels and vault maps discovered:
D:1:      mrwooster_arrival_statue_2, layout_loops_corners
D:2:      layout_loops_ring, st_stairs_1, uniq_terence
D:3:      layout_loops_ring
D:4:      minmay_razor_zed, layout_loops_ring, uniq_duvessa
D:5:      layout_basic, minmay_temple_entry_purple_smoke, uniq_blork_the_orc,
          uniq_prince_ribbit1
D:6:      layout_basic
D:7:      layout_cave_pools, amcnicky_altar_gilded, grunt_decor_mini_mirrors,
          uniq_jeremiah
D:8:      layout_loops_ring, david_lair_shrubbed, gammafunk_ghost_nasty_kobolds,
          nicolae_grassy_gnolls, uniq_grum, uniq_psyche
D:9:      layout_basic, david_orc_3
D:10:     gammafunk_mikee_crab_dinner, layout_layer_cave, bh_walls_and_bars
Temple:   regret_index_temple_sigil_plot

Skill      XL: |  1  2  3  4  5  6  7  8  9 10 11 |
---------------+----------------------------------+-----
Fighting       | 1 2 5 6 7 |  7.0
Conjurations   | 2 3 6 8 9 10 | 10.5
Evocations     | 1 4 |  4.0
Spellcasting   | 4 8 10 11 12 | 12.7
Fire Magic     | 4 7 8 9 10 | 10.9
Short Blades   | 1 2 4 |  4.3
Dodging        | 7 |  7.0
Earth Magic    | 2 3 |  3.6
Stealth        | |  2.4

Action                     |  1- 3 |  4- 6 |  7- 9 | 10-12 || total
---------------------------+-------+-------+-------+-------++-------
  Melee: Dagger            |       |     9 |     2 |    15 ||    26
         Staff             |       |       |       |    17 ||    17
   Cast: Foxfire           |    39 |    34 |    39 |    33 ||   145
         Scorch            |     6 |    10 |    28 |    40 ||    84
         Flame Wave        |       |     2 |     3 |     6 ||    11
         Fireball          |       |       |    49 |    54 ||   103
         Stone Arrow       |       |       |       |     5 ||     5
  Evoke: Wand              |     2 |     6 |     3 |    18 ||    29
    Use: Scroll            |     4 |    10 |     8 |     7 ||    29
         Potion            |       |     2 |     1 |     4 ||     7
   Stab: Sleeping          |       |     1 |       |       ||     1
         Paralysed         |       |       |       |    14 ||    14
 Armour: Robe              |     4 |    12 |     6 |    63 ||    85
  Dodge: Dodged            |     1 |    12 |    31 |    88 ||   132

Table legend: (Time is in decaauts)
 A = Elapsed time spent in this place.
 B = Non-inter-level travel time spent in this place.
 C = Inter-level travel time spent in this place.
 D = Time resting spent in this place.
 E = Time spent auto-exploring this place.
 F = Levels seen in this place.
 G = Mean time per level.
                   A        B        C        D        E       F      G
               +--------+--------+--------+--------+--------+-----+--------+
         Total |  13925 |  13459 |    466 |   3625 |   8467 |  11 | 1265.9 |
       Dungeon |  13878 |  13457 |    421 |   3625 |   8467 |  10 | 1387.8 |
        Temple |     46 |      1 |     45 |      0 |      0 |   1 |   46.0 |
               +--------+--------+--------+--------+--------+-----+--------+

Top non-repeatable levels by time:
    D:10: 2498 daAuts
     D:8: 1792 daAuts
     D:9: 1615 daAuts
     D:4: 1477 daAuts
     D:5: 1289 daAuts
     D:2: 1123 daAuts
     D:6: 1099 daAuts
     D:3: 1082 daAuts
     D:1: 1051 daAuts
     D:7: 850 daAuts
  Temple: 46 daAuts
